 Dungeon Crawl Stone Soup version 0.30-a0-3-gc9032a9cac (webtiles) character file.

Game seed: 1229956087584873274

170 KleinerIrrer the Cudgeller (level 5, 0/38 HPs)
             Began as a Formicid Warper on Aug 20, 2022.
             Was an Initiate of Gozag.
             Slain by Pikel
             ... wielding a +1 whip of freezing
              (5 damage)
             ... on level 4 of the Dungeon.
             The game lasted 00:05:56 (3002 turns).

KleinerIrrer the Cudgeller (Formicid Warper)        Turns: 3002, Time: 00:05:57

Health: 0/38       AC:  6    Str: 18    XL:     5   Next: 80%
Magic:  8/8        EV: 11    Int: 12    God:    Gozag
Gold:   103        SH:  0    Dex: 13    Spells: 8/8 levels left

rFire   . . .      SeeInvis +    k - +1 whip (elec)
rCold   . . .      Faith    .    (no shield)
rNeg    . . .      Spirit   .    n - +0 ring mail
rPois   .          Reflect  .    (helmet unavailable)
rElec   .          Harm     .    (no cloak)
rCorr   .          Rampage  .    h - +0 pair of gloves
Will    .....                    (no boots)
Stlth   +.........               (no amulet)
HPRegen 0.12/turn                (no ring)
MPRegen 0.11/turn                (no ring)

@: no status effects
A: permanent stasis, dig shafts and tunnels, antennae 3, four strong arms
a: Dig, Shaft Self, Renounce Religion, Potion Petition, Call Merchant, Bribe
Branch


You were on level 4 of the Dungeon.
You worshipped Gozag.
Gozag was aware of your devotion.
You visited 1 branch of the dungeon, and saw 4 of its levels.

You collected 130 gold pieces.
You paid 27 gold pieces to Gozag.

Inventory:

Hand Weapons
 a - a +0 mace
 k - a +1 whip of electrocution (weapon)
Missiles
 c - 7 boomerangs of dispersal (quivered)
 e - 4 javelins
 g - a throwing net
Armour
 b - a +0 leather armour
 h - a +0 pair of gloves (worn)
 n - a +0 ring mail (worn)
 t - a +0 scale mail
Jewellery
 p - an amulet of faith
Wands
 v - a wand of flame (8)
Scrolls
 f - a scroll of brand weapon {unknown}
 i - 2 scrolls of enchant weapon {unknown}
 l - 2 scrolls of enchant armour {unknown}
 o - a scroll of immolation {unknown}
 r - a scroll of teleportation {unknown}
 u - a scroll of identify {unknown}
 w - a scroll of blinking {unknown}
Potions
 d - 2 potions of degeneration {unknown}
 j - a potion of brilliance {unknown}
 m - 2 potions of haste {unknown}
 q - a potion of magic {unknown}
 s - a potion of heal wounds {unknown}


   Skills:
 - Level 2.1 Fighting
 + Level 5.5 Maces & Flails
 - Level 1.0 Throwing
 - Level 1.1 Armour
 - Level 1.7 Dodging
 - Level 2.1 Spellcasting
 - Level 2.6 Translocations


You had 8 spell levels left.
You didn't know any spells.
Your spell library contained the following spells:

 Spells                   Type           Power      Damage    Failure   Level
 Sandblast                Erth           2%         2d4       43%         1
 Gell's Gravitas          Tloc           7%         N/A       43%         3
 Lesser Beckoning         Tloc           7%         N/A       43%         3
 Teleport Other           Tloc           7%         N/A       43%         3
 Passwall                 Tmut/Erth      0%         N/A       58%         2
 Static Discharge         Conj/Air       1%         3-4/arc   58%         2
 Stone Arrow              Conj/Erth      2%         3d7       82%         3
 Manifold Assault         Tloc           7%         N/A       99%         5
 Lightning Bolt           Conj/Air       0%         1d11      100%        5
 Maxwell's Capacitive Co  Air            0%         ∞         100%        8
 Blink                    Tloc           Unusable   N/A       N/A         2

Dungeon Overview and Level Annotations

Branches:
Dungeon (4/15)
 Temple: D:4-7

Altars:
Gozag
Kikubaaqudgha
Zin

Annotations:
D:4 Pikel


Innate Abilities, Weirdness & Mutations

You cannot be hasted, slowed, berserked, paralysed or teleported.
You can dig through walls and to a lower floor.
You have a pair of large antennae on your head. (SInv)
Your four strong arms can wield two-handed weapons with a shield.


Message History

You destroy the phantom!
Your Maces & Flails skill increases to level 5!
HP restored.
You now have 87 gold pieces (gained 8).
You sense a monster nearby.
You now have 103 gold pieces (gained 16).
Pikel and 2 lemures come into view.
Pikel is wielding a +1 whip of freezing.
The lemure shouts! x2
A lemure comes into view.
You closely miss the lemure. The lemure hits you.
You closely miss the lemure. The lemure hits you.
You barely miss the lemure. The lemure hits you.
You closely miss the lemure. You hit the lemure but do no damage.
You hit Pikel.
Pikel is lightly wounded.
You barely miss Pikel.
Pikel is lightly wounded.
Pikel hits you with a +1 whip of freezing.
Pikel freezes you.
You closely miss Pikel.
Pikel is lightly wounded.
Pikel hits you with a +1 whip of freezing.
Pikel freezes you.
You hit Pikel.
Pikel is moderately wounded.
Pikel hits you but does no damage.
You hit Pikel.
Pikel is moderately wounded.
You hit Pikel.
Pikel is moderately wounded.
Pikel hits you but does no damage.
You completely miss Pikel.
Pikel is moderately wounded.
Pikel hits you with a +1 whip of freezing!
* * * LOW HITPOINT WARNING * * *
Pikel freezes you.
You die...
Your body crumbles into a pile of gold.

#.# #..# #.#
#..# #.# #..#
#.# #..# ## #.#
#..#
....###.####..#
....{.555.....#
######K####.##
#@# #.#
#.####.#
#......#
#####.## #.#
#.# ####.#
#....# #.##.#


You could see Pikel and 3 lemures.

Vanquished Creatures
  A phantom (D:4)
  2 adders
  2 worms
  2 dart slugs
  6 ball pythons
  3 bats
  2 endoplasms
  16 giant cockroaches
  6 goblins
  5 hobgoblins
  7 quokkas
  A frilled lizard (D:2)
  4 kobolds
  4 rats
61 creatures vanquished.

Notes
Turn   | Place    | Note
-------+----------+-------------------------------------------
     0 | D:1      | KleinerIrrer the Formicid Warper began the quest for the
                  | Orb.
     0 | D:1      | Reached XP level 1. HP: 16/16 MP: 3/3
   194 | D:1      | Reached XP level 2. HP: 20/22 MP: 5/5
   534 | D:1      | Reached skill level 3 in Maces & Flails
   576 | D:1      | Reached XP level 3. HP: 22/27 MP: 6/6
  1373 | D:2      | Reached skill level 4 in Maces & Flails
  1373 | D:2      | Reached XP level 4. HP: 29/33 MP: 7/7
  1650 | D:2      | Found an ancient bone altar of Kikubaaqudgha.
  2654 | D:3      | Reached XP level 5. HP: 38/38 MP: 8/8
  2814 | D:3      | Found a glowing silver altar of Zin.
  2815 | D:3      | Found an opulent altar of Gozag.
  2830 | D:3      | Became a worshipper of Gozag Ym Sagoz the Greedy
  2904 | D:4      | Noticed a phantom
  2911 | D:4      | Killed a phantom
  2912 | D:4      | Reached skill level 5 in Maces & Flails
  2986 | D:4      | Noticed Pikel
  2986 | D:4      | Noticed a lemure
  2986 | D:4      | Noticed a lemure
  2986 | D:4      | Noticed a lemure
  3002 | D:4      | Slain by Pikel

Illustrated notes

Levels and vault maps discovered:
D:1:      lightli_molten_gateway, layout_basic
D:2:      minmay_roachtagon, layout_loops_ring, basic_altar
D:3:      layout_basic, grunt_temple_overflow_gold_and_silver,
          nicolae_concentric_dashed_squares_mild, minmay_misc_feat_x
D:4:      cheibrodos_pilgrimage, layout_loops_ring, kennysheep_little_box,
          lemuel_doored_altar, minmay_misc_feat_doors, nicolae_shop_gadgets,
          uniq_pikel, uniq_eustachio, uniq_duvessa

Skill      XL: |  1  2  3  4  5 |
---------------+----------------+-----
Maces & Flails | 3 4 5 |  5.5
Fighting       | |  2.1
Throwing       | |  1.0
Armour         | |  1.1
Dodging        | |  1.7
Spellcasting   | |  2.1
Translocations | |  2.6

Action                   |  1- 3 |  4- 6 || total
-------------------------+-------+-------++-------
Melee: Mace              |    85 |       ||    85
       Punch             |     1 |       ||     1
       Whip              |       |    84 ||    84
Armor: Leather armour    |    27 |    10 ||    37
       Ring mail         |       |    14 ||    14
Dodge: Dodged            |    46 |    24 ||    70

Table legend: (Time is in decaauts)
 A = Elapsed time spent in this place.
 B = Non-inter-level travel time spent in this place.
 C = Inter-level travel time spent in this place.
 D = Time resting spent in this place.
 E = Time spent auto-exploring this place.
 F = Levels seen in this place.
 G = Mean time per level.
                   A        B        C        D        E       F      G
               +--------+--------+--------+--------+--------+-----+--------+
         Total |   3010 |   2911 |     99 |      0 |   2446 |   4 |  752.5 |
       Dungeon |   3010 |   2911 |     99 |      0 |   2446 |   4 |  752.5 |
               +--------+--------+--------+--------+--------+-----+--------+

Top non-repeatable levels by time:
     D:1: 1257 daAuts
     D:2: 902 daAuts
     D:3: 747 daAuts
     D:4: 102 daAuts
